 Dungeon Crawl Stone Soup version 0.16.1-2-g95b8d4c (webtiles) character file.

625 MDvedh the Insei (level 7, 0/51 HPs)
             Began as a Demigod Transmuter on Mar 24, 2015.
             Slain by Prince Ribbit (7 damage)
             ... on level 4 of the Dungeon.
             The game lasted 00:14:53 (7001 turns).

MDvedh the Insei (Demigod Transmuter)               Turns: 7001, Time: 00:14:53

Health: 0/51       AC:  7    Str: 15    XL:     7   Next: 2%
Magic:  14/15      EV: 12    Int: 20    God:
Gold:   8          SH:  0    Dex: 21    Spells: 3 memorised, 1 level left

rFire  . . .     SeeInvis .       - Unarmed
rCold  . . .     Clarity  .     r - +1 leather armour {rPois}
rNeg   . . .     SustAb   +     (no shield)
rPois  +         Gourm    .     s - +2 helmet {Int+3}
rElec  .         Spirit   .     (no cloak)
rCorr  .         Warding  .     (no gloves)
rMut   .         Stasis   .     (no boots)
MR     .....                    (no amulet)
Stlth  +++.......               g - ring of stealth
                                f - +3 ring of dexterity

@: not resistant to hostile enchantments, fairly stealthy
A: sustain abilities
a: no special abilities


You were on level 4 of the Dungeon.
You were not hungry.

You visited 1 branch of the dungeon, and saw 5 of its levels.

You collected 247 gold pieces.
You spent 239 gold pieces at shops.

Inventory:

Missiles
 b - 45 arrows
Armour
 r - a +1 leather armour of poison resistance (worn)
 s - a +2 helmet of intelligence (worn)
Jewellery
 e - an uncursed ring of protection from magic
 f - a +3 ring of dexterity (left hand)
 g - a ring of stealth (right hand)
 k - an uncursed ring of positive energy
Scrolls
 c - a scroll of blinking {unknown}
 h - 3 scrolls of teleportation
 i - a scroll of magic mapping
 j - a scroll of recharging
 l - 2 scrolls of identify
 p - a scroll of enchant armour
 q - a scroll of remove curse
Potions
 m - a potion of brilliance
 n - a potion of heal wounds
Books
 d - a book of Changes

   Spells                             Type                      Level
   a - Beastly Appendage              Transmutation                1
   b - Sticks to Snakes               Transmutation                2
   c - Spider Form                    Transmutation/Poison         3
   d - Ice Form                       Ice/Transmutation            4
   e - Blade Hands                    Transmutation                5
Comestibles
 a - 4 bread rations
 o - 4 meat rations


   Skills:
 - Level 0.8 Fighting
 - Level 1.7 Dodging
 + Level 5.6 Unarmed Combat
 - Level 1.7 Spellcasting
 * Level 5.0 Transmutations
 * Level 1.6 Ice Magic


You had one spell level left.
You knew the following spells:

 Your Spells              Type           Power        Failure   Level  Hunger
a - Beastly Appendage     Trmt           ###...       2%          1    #......
b - Spider Form           Trmt/Pois      ##........   24%         3    ###....
c - Ice Form              Ice/Trmt       ###.....     58%         4    #####..


Dungeon Overview and Level Annotations

Branches:
Dungeon (5/15)
 Temple: D:4-7

Shops:
D:5 [[

Annotations:
D:4 Prince Ribbit


Innate Abilities, Weirdness & Mutations

Your attributes are resistant to harm.


Message History

Prince Ribbit hits you!
You hit Prince Ribbit.
Prince Ribbit is heavily wounded.
Your transformation has ended.
Your +2 helmet of intelligence unmelds from your body.
Your +1 leather armour of poison resistance unmelds from your body.
You feel clever.
You feel resistant to poison. Prince Ribbit hits you!
You miss Prince Ribbit.
Prince Ribbit is heavily wounded.
Prince Ribbit hits you.
* * * LOW HITPOINT WARNING * * *
Prince Ribbit hits you.
* * * LOW HITPOINT WARNING * * *
Unknown command.
Prince Ribbit winks and puckers his lips.
Unknown command.
Unknown command.
Prince Ribbit hits you!
You die...

###############
#.............#
#.###########.# #.#
#######.#### #÷#
#.F.>......# #.#
#@#####.##.# #.# #.# #.##.#
#########.# #.# #.##.#
#.........# #.# #.##.#
#>#######.#####.#####.##.#
### #.#
#.............##.#####†. #.#
##.#####.####........))<#
#.#
####...####.####.###.#####.(
#.#
#..........#.....##.........


You could see Prince Ribbit.

Vanquished Creatures
  The ghost of MDvedh the Cudgeler, an average MiVM (D:3)
  A crimson imp (D:4)
  A jelly (D:5)
  An orc priest (D:4)
  2 orc wizards (D:4)
  3 worker ants
  2 iguanas
  A gnoll (D:1)
  11 adders
  A shadow imp (D:5)
  A worm (D:4)
  5 giant geckos
  7 orcs
  5 giant cockroaches
  19 goblins
  10 hobgoblins
  4 jackals
  2 quokkas
  A ball python skeleton (D:4)
  6 bats
  2 giant newts (D:3)
  A goblin zombie (D:4)
  5 hobgoblin zombies (D:4)
  8 kobolds
  2 orc skeletons (D:4)
  2 orc zombies (D:4)
  12 rats
116 creatures vanquished.

Notes
Turn   | Place    | Note
--------------------------------------------------------------
     0 | D:1      | MDvedh, the Demigod Transmuter, began the quest for the Orb.
     0 | D:1      | Reached XP level 1. HP: 15/15 MP: 3/3
   348 | D:1      | Reached skill level 3 in Unarmed Combat
   496 | D:1      | Reached XP level 2. HP: 4/22 MP: 2/4
  1222 | D:1      | Reached XP level 3. HP: 17/27 MP: 7/7
  2082 | D:2      | Found a bloodstained altar of Trog.
  2485 | D:2      | Reached XP level 4. HP: 23/34 MP: 7/9
  2603 | D:2      | Reached skill level 4 in Unarmed Combat
  2882 | D:2      | Found a radiant altar of Vehumet.
  2969 | D:2      | Found a shattered altar of Ashenzari.
  2972 | D:2      | Found a basalt altar of Yredelemnul.
  3011 | D:3      | Noticed MDvedh's ghost (average MiVM)
  3428 | D:3      | Learned a level 3 spell: Spider Form
  3436 | D:3      | Found a shattered altar of Ashenzari.
  3480 | D:3      | Found a white marble altar of Elyvilon.
  3521 | D:3      | Killed MDvedh's ghost
  3521 | D:3      | Reached XP level 5. HP: 12/39 MP: 1/10
  4162 | D:3      | Saw a vision of the Shoals and the Spider Nest.
  4162 | D:3      | Noticed a trapdoor spider
  4162 | D:3      | Noticed a siren
  4162 | D:3      | Noticed a sea snake
  4162 | D:3      | Noticed a spider
  4162 | D:3      | Noticed a siren
  4162 | D:3      | Noticed a hippogriff
  4163 | D:3      | Noticed a wasp
  4165 | D:3      | Noticed a wasp
  4165 | D:3      | Noticed a sea snake
  4276 | D:4      | Reached skill level 5 in Unarmed Combat
  4497 | D:4      | Reached XP level 6. HP: 22/46 MP: 13/13
  4507 | D:4      | HP: 2/46 [poisoned by a worker ant]
  5109 | D:4      | Found a glowing golden altar of the Shining One.
  5322 | D:4      | Learned a level 4 spell: Ice Form
  5930 | D:5      | Entered Level 5 of the Dungeon
  5949 | D:5      | Reached skill level 1 in Ice Magic
  6222 | D:5      | Found Ymmic's Armour Emporium.
  6236 | D:5      | Bought a +1 leather armour of poison resistance for 154 gold pieces
  6685 | D:5      | Found Eruutidghini's Antique Armour Shoppe.
  6688 | D:5      | Bought a glowing helmet for 85 gold pieces
  6732 | D:5      | Reached skill level 5 in Transmutations
  6732 | D:5      | Reached XP level 7. HP: 17/51 MP: 9/15
  6773 | D:5      | Noticed Prince Ribbit
  7001 | D:4      | Slain by Prince Ribbit

Action                   |  1- 3 |  4- 6 |  7- 9 || total
-------------------------+-------+-------+-------++-------
Melee: Unarmed           |   164 |   284 |    18 ||   466
 Cast: Beastly Appendage |    11 |     8 |     1 ||    20
       Spider Form       |       |     6 |     1 ||     7
  Use: Potion            |     3 |     2 |       ||     5
       Scroll            |       |     6 |       ||     6
 Stab: Sleeping          |     1 |     9 |       ||    10
       Distracted        |       |     1 |       ||     1
  Eat: Chunk             |     5 |     8 |     1 ||    14
       Beef jerky        |       |     1 |       ||     1
       Meat ration       |       |     1 |       ||     1
